 Dungeon Crawl Stone Soup version 0.24.0-13-gcf9b319 (webtiles) character file.

Game seed: 391066403803733822, levelgen mode: deterministic

0 Bronimir the Skirmisher (level 1, -2/23 HPs)
             Began as a Gnoll Wanderer on Mar 5, 2020.
             Slain by a hobgoblin
             ... wielding a +0 club
              (6 damage)
             ... on level 1 of the Dungeon.
             The game lasted 00:00:18 (68 turns).

Bronimir the Skirmisher (Gnoll Wanderer)              Turns: 68, Time: 00:00:19

Health: -2/23      AC:  2    Str: 15    XL:     1   Next: 10%
Magic:  3/3        EV: 13    Int: 17    God:
Gold:   0          SH:  0    Dex: 10    Spells: 0/0 levels left

rFire    . . .     SeeInvis .   a - +0 club
rCold    . . .     Gourm    .   (no shield)
rNeg     . . .     Faith    .   c - +0 robe
rPois    .         Spirit   .   (no helmet)
rElec    .         Reflect  .   (no cloak)
rCorr    .         Harm     .   (no gloves)
MR       .....                  (no boots)
Stlth    +.........             (no amulet)
HPRegen  0.07/turn              (no ring)
MPRegen  0.08/turn              (no ring)

@: no status effects
A: distributed training, fangs 1, strong nose
a: no special abilities


You were on level 1 of the Dungeon.
You were not hungry.

You visited 1 branch of the dungeon, and saw 1 of its levels.

Inventory:

Hand Weapons
 a - a +0 club (weapon)
Armour
 c - a +0 robe (worn)
Wands
 d - a wand of paralysis (15)
Scrolls
 e - a scroll of fog {unknown}
Potions
 b - 2 potions of lignification
Comestibles
 f - a ration


   Skills:
 + Level 6.4 Fighting
 + Level 0.0 Short Blades
 + Level 0.0 Long Blades
 + Level 0.0 Axes
 + Level 0.0 Maces & Flails
 + Level 0.0 Polearms
 + Level 0.0 Staves
 + Level 0.0 Slings
 + Level 0.0 Bows
 + Level 2.3 Crossbows
 + Level 0.0 Throwing
 + Level 4.4 Armour
 + Level 4.4 Dodging
 + Level 0.0 Stealth
 + Level 0.0 Shields
 + Level 0.0 Unarmed Combat
 + Level 0.0 Spellcasting
 + Level 0.0 Conjurations
 + Level 0.0 Hexes
 + Level 0.0 Charms
 + Level 0.0 Summonings
 + Level 0.0 Necromancy
 + Level 0.0 Translocations
 + Level 0.0 Transmutations
 + Level 0.0 Fire Magic
 + Level 0.0 Ice Magic
 + Level 0.0 Air Magic
 + Level 0.0 Earth Magic
 + Level 0.0 Poison Magic
 + Level 0.0 Invocations
 + Level 4.4 Evocations


You couldn't memorise any spells.
You didn't know any spells.
Your spell library was empty.

Dungeon Overview and Level Annotations

Branches:
Dungeon (1/15)

Altars:


Innate Abilities, Weirdness & Mutations

Your experience applies equally to all skills.
You have very sharp teeth.
Your uncanny sense of smell can sniff out nearby items.


Message History

You hit the hobgoblin.
The hobgoblin is moderately wounded.
The bat hits you. x2; The goblin hits you with a +0 dagger.
The hobgoblin barely misses you. The goblin hits you.
The goblin hits you with a +0 dagger.
* * * LOW HITPOINT WARNING * * *
You are too injured to fight recklessly!
You are too injured to fight recklessly!
You are too injured to fight recklessly!
The bat closely misses you. The bat hits you but does no damage.
The goblin barely misses you. The bat hits you.
* * * LOW HITPOINT WARNING * * *
The bat hits you.
* * * LOW HITPOINT WARNING * * *
You miss the bat. The bat misses you. The bat hits you but does no damage.
The bat barely misses you. The hobgoblin barely misses you.
The bat barely misses you. The goblin closely misses you.
The hobgoblin hits you with a +0 club.
You die...

......... ........#
........####
........##.#
........##.# #
#......##.#.#
#.....g##.#.#
#....gK##...#
#....b@g#.#############
#.......b..............
#......########.#.#.###
#......##.......#.#.#..
#......##.#####.#.#.#.#
#########.#...#.#.#.#.<
#.###.#.#.#.###
#.....#.#.#....
#########.#####


You could see a hobgoblin, 2 goblins, 2 bats and a kobold.

Vanquished Creatures
  A rat (D:1)
1 creature vanquished.

Notes
Turn   | Place    | Note
-------+----------+-------------------------------------------
     0 | D:1      | Bronimir the Gnoll Wanderer began the quest for the Orb.
     0 | D:1      | Bronimir set off with the following items: a +0 club, 2
                  | potions of lignification, a +0 robe, a wand of paralysis
                  | (15), a ration
     0 | D:1      | Reached XP level 1. HP: 23/23 MP: 3/3
    68 | D:1      | Slain by a hobgoblin

Levels and vault maps discovered:
D:1:      matt_arrival_spirals, layout_basic

Action                   || total
-------------------------++-------
Melee: Club              ||     8
Armor: Robe              ||     7
Dodge: Dodged            ||    25
